ITL
PORTLAND PRIVATEERS @ RICHMOND FLAIRS
07/04/2028
 
TOP OF THE 1ST
Portland Privateers batting - Pitching for Richmond Flairs : RHP Curt Watkins
Pitching: RHP Curt Watkins
Batting: SHB Patrick Larson 0-0: Ball
1-0: Swinging Strike
1-1: Ball
2-1: Ball
3-1: Foul Ball, location: 2F
3-2: Strikes out swinging
Batting: RHB Joe Bailey 0-0: Ball
1-0: Swinging Strike
1-1: Foul Ball, location: 2F
1-2: Strikes out swinging
Batting: RHB José Balina 0-0: Ball
1-0: Ball
2-0: Ball
3-0: Fly out, F4 (Popup, 3D)
Top of the 1st over - 0 run(s), 0 hit(s), 0 error(s), 0 left on base; Portland 0 - Richmond 0
BOTTOM OF THE 1ST
Richmond Flairs batting - Pitching for Portland Privateers : LHP Pedro Santana
Pitching: LHP Pedro Santana
Batting: LHB R.J. Courtney 0-0: Ball
1-0: Ball
2-0: Fly out, F7 (Line Drive, 7S)
Batting: RHB Miguel Hernández 0-0: Ball
1-0: Ball
2-0: Ball
3-0: Called Strike
3-1: Foul Ball, location: 2F
3-2: Foul Ball, location: 2F
3-2: Foul Ball, location: 2F
3-2: Base on Balls
Batting: RHB R.J. Crosby 0-0: Ball
1-0: Ball
2-0: Foul Ball, location: 2F
2-1: Foul Ball, location: 2F
2-2: Ball
3-2: Base on Balls
Miguel Hernández to second
Batting: RHB Elliott Johnston 0-0: Ball
1-0: Ball
2-0: Called Strike
2-1: SINGLE (Line Drive, 8RS)
Miguel Hernández to third
R.J. Crosby to second
Runner from 3rd tries for Home, SAFE, no throw
Batting: LHB Roland Jones 0-0: Ball
1-0: SINGLE (Flyball, 9LS)
R.J. Crosby to third
Elliott Johnston to second
Batting: RHB Rafael Carreón 0-0: Ball
1-0: Ball
2-0: Ball
3-0: Base on Balls
R.J. Crosby scores
Elliott Johnston to third
Roland Jones to second
Batting: LHB Pedro Díaz 0-0: Ball
1-0: Foul Ball, location: 2F
1-1: Ball
2-1: Called Strike
2-2: Foul Ball, location: 2F
2-2: Ball
3-2: Strikes out swinging
Batting: RHB Freddy Padilla 0-0: Ball
1-0: Ball
2-0: Called Strike
2-1: Swinging Strike
2-2: Strikes out swinging
Bottom of the 1st over - 2 run(s), 2 hit(s), 0 error(s), 3 left on base; Portland 0 - Richmond 2
TOP OF THE 2ND
Portland Privateers batting - Pitching for Richmond Flairs : RHP Curt Watkins
Batting: SHB Eric Pimentel 0-0: Ball
1-0: Ball
2-0: Ball
3-0: Called Strike
3-1: Base on Balls
Batting: LHB Jeff Dorney 0-0: Ball
1-0: Called Strike
1-1: Swinging Strike
1-2: Ball
2-2: Ball
3-2: Foul Ball, location: 2F
3-2: Foul Ball, location: 2F
3-2: Fly out, F9 (Flyball, 9)
Batting: RHB Luis Pineda 0-0: Foul Ball, location: 2F
0-1: Ball
1-1: Ball
2-1: Foul Ball, location: 2F
2-2: Foul Ball, location: 2F
2-2: TRIPLE (Line Drive, 9LS)
Eric Pimentel scores
Batting: RHB Edward Holloway 0-0: Ball
1-0: Ball
2-0: Fly out, F8 (Flyball, 8LM)
Runner from 3rd tags up, SCORES, throw made
Batting: LHB Pedro Padilla 0-0: Ball
1-0: Foul Ball, location: 2F
1-1: Called Strike
1-2: Strikes out looking
Top of the 2nd over - 2 run(s), 1 hit(s), 0 error(s), 0 left on base; Portland 2 - Richmond 2
BOTTOM OF THE 2ND
Richmond Flairs batting - Pitching for Portland Privateers : LHP Pedro Santana
Batting: LHB Dave Gray 0-0: Ball
1-0: Ground out 6-3 (Groundball, 6MS)
Batting: LHB R.J. Courtney 0-0: Ball
1-0: Ball
2-0: Swinging Strike
2-1: Ball
3-1: SOLO HOME RUN (Flyball, 9LD), Distance : 327 ft
Batting: RHB Miguel Hernández 0-0: Ball
1-0: Foul Ball, location: 2F
1-1: SINGLE (Groundball, 56D)
Batting: RHB R.J. Crosby 0-0: Swinging Strike
0-1: Ball
1-1: Ball
2-1: Swinging Strike
2-2: Ball
3-2: Grounds into double play, 4-6-3 (Groundball, 4)
Bottom of the 2nd over - 1 run(s), 2 hit(s), 0 error(s), 0 left on base; Portland 2 - Richmond 3
TOP OF THE 3RD
Portland Privateers batting - Pitching for Richmond Flairs : RHP Curt Watkins
Batting: RHB Dave Nelson 0-0: Foul Ball, location: 2F
0-1: Ball
1-1: Called Strike
1-2: Strikes out looking
Batting: SHB Patrick Larson 0-0: Ball
1-0: Ground out 6-3 (Groundball, 6)
Batting: RHB Joe Bailey 0-0: Ball
1-0: Swinging Strike
1-1: Ball
2-1: Ball
3-1: Base on Balls
Batting: RHB José Balina 0-0: Called Strike
0-1: SINGLE (Line Drive, 8RS)
Joe Bailey to second
Batting: SHB Eric Pimentel 0-0: Swinging Strike
0-1: Ball
1-1: Called Strike
1-2: Ball
2-2: Strikes out swinging
Top of the 3rd over - 0 run(s), 1 hit(s), 0 error(s), 2 left on base; Portland 2 - Richmond 3
BOTTOM OF THE 3RD
Richmond Flairs batting - Pitching for Portland Privateers : LHP Pedro Santana
Batting: RHB Elliott Johnston 0-0: Ball
1-0: Called Strike
1-1: Called Strike
1-2: SINGLE (Groundball, 34D)
Batting: LHB Roland Jones 0-0: Called Strike
0-1: Ball
1-1: 2-RUN HOME RUN (Flyball, 9D), Distance : 364 ft
Batting: RHB Rafael Carreón 0-0: Ball
1-0: Ball
2-0: Foul Ball, location: 2F
2-1: Swinging Strike
2-2: Strikes out swinging
Batting: LHB Pedro Díaz 0-0: Ball
1-0: Foul Ball, location: 2F
1-1: Ball
2-1: Foul Ball, location: 2F
2-2: Strikes out swinging
Batting: RHB Freddy Padilla 0-0: Ball
1-0: Called Strike
1-1: Ball
2-1: Reached on error, E5 (Groundball, 5)
Batting: LHB Dave Gray 0-0: Ball
1-0: Ball
2-0: Ball
3-0: Called Strike
3-1: Base on Balls
Batting: LHB R.J. Courtney 0-0: Swinging Strike
0-1: Ball
1-1: Ball
2-1: Ball
3-1: 3-RUN HOME RUN (Flyball, 89XD), Distance : 390 ft
Pitching: RHP José García
Batting: RHB Miguel Hernández 0-0: Ball
1-0: Called Strike
1-1: Swinging Strike
1-2: Strikes out swinging
Bottom of the 3rd over - 5 run(s), 3 hit(s), 1 error(s), 0 left on base; Portland 2 - Richmond 8
TOP OF THE 4TH
Portland Privateers batting - Pitching for Richmond Flairs : RHP Curt Watkins
Batting: LHB Jeff Dorney 0-0: Foul Ball, location: 2F
0-1: Ball
1-1: Ball
2-1: Ball
3-1: Foul Ball, location: 2F
3-2: Strikes out swinging
Batting: RHB Luis Pineda 0-0: Ball
1-0: Ball
2-0: Ball
3-0: Base on Balls
Batting: RHB Edward Holloway 0-0: Called Strike
0-1: Ball
1-1: SINGLE (Line Drive, 34)
Luis Pineda to second
Batting: LHB Pedro Padilla 0-0: Swinging Strike
0-1: SINGLE (Line Drive, 8RS)
Luis Pineda to third
Edward Holloway to second
Batting: RHB Dave Nelson 0-0: Ball
1-0: Ball
2-0: Ground out 5-3 (Groundball, 56S)
Luis Pineda scores
Edward Holloway to third
Pedro Padilla to second
Batting: SHB Patrick Larson 0-0: Ball
1-0: SINGLE (Groundball, 56D)
Edward Holloway scores
Pedro Padilla to third
Runner from 3rd tries for Home, SAFE, no throw
Batting: RHB Joe Bailey 0-0: Fly out, F8 (Flyball, 89M)
Top of the 4th over - 3 run(s), 3 hit(s), 0 error(s), 1 left on base; Portland 5 - Richmond 8
BOTTOM OF THE 4TH
Richmond Flairs batting - Pitching for Portland Privateers : RHP José García
Batting: RHB R.J. Crosby 0-0: Ball
1-0: Called Strike
1-1: SINGLE (Groundball, 56D)
Batting: RHB Elliott Johnston 0-0: Fly out, F4 (Popup, 4)
Batting: LHB Roland Jones 0-0: Swinging Strike
0-1: Foul Ball, location: 2F
0-2: Ball
1-2: Foul Ball, location: 2F
1-2: Ball
2-2: Foul Ball, location: 2F
2-2: Strikes out swinging
Batting: RHB Rafael Carreón 0-0: Ball
1-0: Ball
2-0: Called Strike
2-1: Foul Ball, location: 2F
2-2: Ball
3-2: Fly out, F9 (Flyball, 89M)
Bottom of the 4th over - 0 run(s), 1 hit(s), 0 error(s), 1 left on base; Portland 5 - Richmond 8
TOP OF THE 5TH
Portland Privateers batting - Pitching for Richmond Flairs : RHP Curt Watkins
Pitching: RHP Sandro Gonzáles
Batting: RHB José Balina 0-0: Foul Ball, location: 2F
0-1: Ball
1-1: Ground out 6-3 (Groundball, 6)
Batting: SHB Eric Pimentel 0-0: Ball
1-0: Foul Ball, location: 2F
1-1: Ball
2-1: Ball
3-1: Base on Balls
Batting: LHB Jeff Dorney Pickoff Throw to First - Out!
0-0: Called Strike
0-1: Called Strike
0-2: Foul Ball, location: 2F
0-2: Ball
1-2: Foul Ball, location: 2F
1-2: Ground out U3 (Groundball, 3L)
Top of the 5th over - 0 run(s), 0 hit(s), 0 error(s), 0 left on base; Portland 5 - Richmond 8
BOTTOM OF THE 5TH
Richmond Flairs batting - Pitching for Portland Privateers : RHP José García
Batting: LHB Pedro Díaz 0-0: Called Strike
0-1: Swinging Strike
0-2: Ball
1-2: Foul Ball, location: 2F
1-2: Foul Ball, location: 2F
1-2: Ball
2-2: Strikes out swinging
Batting: RHB Freddy Padilla 0-0: Ball
1-0: Called Strike
1-1: Foul Ball, location: 2F
1-2: Foul Ball, location: 2F
1-2: Ball
2-2: Strikes out looking
Batting: LHB Dave Gray 0-0: Called Strike
0-1: Foul Ball, location: 2F
0-2: Ball
1-2: Foul Ball, location: 2F
1-2: Strikes out swinging
Bottom of the 5th over - 0 run(s), 0 hit(s), 0 error(s), 0 left on base; Portland 5 - Richmond 8
TOP OF THE 6TH
Portland Privateers batting - Pitching for Richmond Flairs : RHP Sandro Gonzáles
Batting: RHB Luis Pineda 0-0: Swinging Strike
0-1: Called Strike
0-2: Foul Ball, location: 2F
0-2: Ball
1-2: Ball
2-2: Ball
3-2: Foul Ball, location: 2F
3-2: Base on Balls
Batting: RHB Edward Holloway 0-0: Ball
1-0: Foul Ball, location: 2F
1-1: Ball
2-1: Ball
3-1: Fly out, F9 (Flyball, 9LSF)
Batting: LHB Pedro Padilla 0-0: Ball
1-0: SINGLE (Flyball, 8LS)
Luis Pineda to second
Batting: RHB Dave Nelson 0-0: Called Strike
0-1: Grounds into double play, 6-4-3 (Groundball, 6)
Top of the 6th over - 0 run(s), 1 hit(s), 0 error(s), 1 left on base; Portland 5 - Richmond 8
BOTTOM OF THE 6TH
Richmond Flairs batting - Pitching for Portland Privateers : RHP José García
Batting: LHB R.J. Courtney 0-0: Called Strike
0-1: Foul Ball, location: 2F
0-2: Ball
1-2: Foul Ball, location: 2F
1-2: Hit by Pitch
Batting: RHB Miguel Hernández 0-0: Ball
1-0: Ball
2-0: Ball
3-0: Called Strike
3-1: Base on Balls
R.J. Courtney to second
Batting: RHB R.J. Crosby 0-0: Called Strike
0-1: Ball
1-1: Ball
2-1: Foul Ball, location: 2F
2-2: Ball
3-2: Base on Balls
R.J. Courtney to third
Miguel Hernández to second
Pitching: RHP Carlos Molina
Batting: RHB Elliott Johnston 0-0: Ball
1-0: Swinging Strike
1-1: Ball
2-1: Fly out, F3 (Popup, 3D)
Batting: LHB Roland Jones 0-0: Called Strike
0-1: Ball
1-1: Fly out, F7 (Flyball, 7LM)
Runner from 3rd tags up, SCORES, throw made
Batting: RHB Rafael Carreón 0-0: Swinging Strike
0-1: Swinging Strike
0-2: Ball
1-2: Ball
2-2: Strikes out swinging
Bottom of the 6th over - 1 run(s), 0 hit(s), 0 error(s), 2 left on base; Portland 5 - Richmond 9
TOP OF THE 7TH
Portland Privateers batting - Pitching for Richmond Flairs : RHP Sandro Gonzáles
Batting: SHB Patrick Larson 0-0: Foul Ball, location: 2F
0-1: Ball
1-1: Ball
2-1: Ball
3-1: Base on Balls
Batting: RHB Joe Bailey 0-0: Called Strike
0-1: Ball
1-1: Fly out, F9 (Line Drive, 9S)
Batting: RHB José Balina 0-0: Foul Ball, location: 2F
0-1: Ball
1-1: SINGLE (Groundball, 34D)
Patrick Larson to second
Runner from 2nd tries for 3rd, SAFE, throw made to third
Batting: SHB Eric Pimentel 0-0: Called Strike
0-1: Fly out, F4 (Line Drive, 4)
Batting: LHB Jeff Dorney 0-0: Fly out, F4 (Popup, 34)
Top of the 7th over - 0 run(s), 1 hit(s), 0 error(s), 2 left on base; Portland 5 - Richmond 9
BOTTOM OF THE 7TH
Richmond Flairs batting - Pitching for Portland Privateers : RHP Carlos Molina
Batting: LHB Pedro Díaz 0-0: Ball
1-0: Ball
2-0: Foul Ball, location: 2F
2-1: Ground out 6-3 (Groundball, 6)
Batting: RHB Freddy Padilla 0-0: Called Strike
0-1: Ball
1-1: Ball
2-1: SINGLE (Groundball, 56D)
Batting: LHB Dave Gray 0-0: Foul Ball, location: 2F
0-1: Called Strike
0-2: Ground out 5-3 (Groundball, 56S)
Freddy Padilla to second
Batting: LHB R.J. Courtney 0-0: Foul Ball, location: 2F
0-1: Called Strike
0-2: Ball
1-2: Ball
2-2: Foul Ball, location: 2F
2-2: Ball
3-2: Foul Ball, location: 2F
3-2: Base on Balls
Batting: RHB Miguel Hernández 0-0: Called Strike
0-1: Ball
1-1: Fly out, F9 (Flyball, 9S)
Bottom of the 7th over - 0 run(s), 1 hit(s), 0 error(s), 2 left on base; Portland 5 - Richmond 9
TOP OF THE 8TH
Portland Privateers batting - Pitching for Richmond Flairs : RHP Sandro Gonzáles
Batting: RHB Luis Pineda 0-0: Ground out 6-3 (Groundball, 6)
Batting: RHB Edward Holloway 0-0: Ball
1-0: Foul Ball, location: 2F
1-1: Ball
2-1: Called Strike
2-2: Ball
3-2: Fly out, F9 (Flyball, 9S)
Batting: LHB Pedro Padilla 0-0: Foul Ball, location: 2F
0-1: Foul Ball, location: 2F
0-2: Fly out, F7 (Flyball, 7)
Top of the 8th over - 0 run(s), 0 hit(s), 0 error(s), 0 left on base; Portland 5 - Richmond 9
BOTTOM OF THE 8TH
Richmond Flairs batting - Pitching for Portland Privateers : RHP Carlos Molina
Batting: RHB R.J. Crosby 0-0: Called Strike
0-1: Called Strike
0-2: Foul Ball, location: 2F
0-2: Fly out, F7 (Flyball, 7)
Batting: RHB Elliott Johnston 0-0: Ball
1-0: Called Strike
1-1: SINGLE (Line Drive, 89S)
Batting: LHB Roland Jones 0-0: Called Strike
0-1: Ball
1-1: Ball
2-1: Reached on error, E8 (Flyball, 8RD)
Elliott Johnston to third
Pitching: RHP Sean Harden
Batting: RHB Rafael Carreón 0-0: Fly out, F9 (Flyball, 89XD)
Runner from 3rd tags up, SCORES, no throw
Batting: LHB Pedro Díaz 0-0: Foul Ball, location: 2F
0-1: SINGLE (Groundball, 4M) (infield hit)
Roland Jones to third
Batting: RHB Freddy Padilla 0-0: Called Strike
0-1: Called Strike
0-2: Ball
1-2: Fly out, F9 (Flyball, 9S)
Bottom of the 8th over - 1 run(s), 2 hit(s), 1 error(s), 2 left on base; Portland 5 - Richmond 10
TOP OF THE 9TH
Portland Privateers batting - Pitching for Richmond Flairs : RHP Sandro Gonzáles
Batting: RHB Dave Nelson 0-0: Ball
1-0: Called Strike
1-1: Called Strike
1-2: Ground out U3 (Groundball, 23)
Batting: SHB Patrick Larson 0-0: Called Strike
0-1: Ball
1-1: Ball
2-1: Foul Ball, location: 2F
2-2: Foul Ball, location: 2F
2-2: Ball
3-2: SINGLE (Line Drive, 9S)
Batting: RHB Joe Bailey 0-0: Swinging Strike
0-1: Foul Ball, location: 2F
0-2: Strikes out swinging
Batting: RHB José Balina 0-0: Foul Ball, location: 2F
0-1: Ball
1-1: Foul Ball, location: 2F
1-2: Foul Ball, location: 2F
1-2: SINGLE (Groundball, 4MD)
Patrick Larson to second
Batting: SHB Eric Pimentel 0-0: Ball
1-0: Fly out, F8 (Line Drive, 8LD)
Top of the 9th over - 0 run(s), 2 hit(s), 0 error(s), 2 left on base; Portland 5 - Richmond 10
Tuesday, August 8th, 2017 - OOTP Baseball 17.12 Build 75